Stars vs Penguins
Created - 7 février 2014 at 19:04
Goals
|
| Stars |
2 |
0 |
0 |
2 |
| Penguins |
2 |
1 |
0 |
3 |
|
Shots
|
| Stars |
7 |
5 |
8 |
20 |
| Penguins |
13 |
13 |
3 |
29 |
|
1st period
1. Penguins , Brian McGrattan 3 (Taylor Pyatt, Dan Hamhuis) at 4:28
2. Stars , Milan Michalek 10 (Pavel Kubina, Matthew Spiller) at 12:38
3. Penguins , Brian McGrattan 4 (Ryan Kesler) at 13:07
4. Stars , Patrik Elias 12 (Antoine Vermette) at 15:31 (PP)
Penalties :
Taylor Pyatt (Pit) for Hooking (Minor) at 1:46, Brian Pothier (Dal) for High sticking (Minor) at 5:53, Mike Watt (Pit) for Slashing (Minor) at 8:22, Mike Watt (Pit) for Holding (Minor) at 14:14, Taylor Pyatt (Pit) for Hooking (Minor) at 17:57
2nd period
5. Penguins , Ryan Kesler 15 (Taylor Pyatt, Darren Reid) at 19:06
Penalties :
Ryan Kesler (Pit) for Cross-checking (Minor) at 2:32, Brian Pothier (Dal) for Tripping (Minor) at 10:31, Marty Reasoner (Dal) for Roughing (Minor) at 14:42
3rd period
No Goal
Penalties :
Antoine Vermette (Dal) for Roughing (Minor) at 18:04
Goalie Stats
Pascal Leclaire (Dal), 26 saves from 29 shots - (0,897), L, 18-21-1, 60:00 minutes
Brian Elliott (Pit), 18 saves from 20 shots - (0,900), W, 15-9-7, 60:00 minutes
Players Stats for Stars
Player Name G A P +/- PIM S H SB GA TA FO MP PP MP PK MP
------------------------------------------------------------------------------------
Alexei Morozov 0 0 0 -1 0 0 2 0 0 0 1/2 24:15 4:36 4:09
Antoine Vermette 0 1 1 -1 2 4 4 0 1 1 5/9 17:51 4:18 1:50
Brendan Bell 0 0 0 0 0 0 0 0 0 1 0/0 11:35 0:00 0:14
Brian Gionta 0 0 0 0 0 0 0 0 1 0 0/0 12:23 0:10 1:29
Brian Pothier 0 0 0 0 4 1 0 0 0 0 0/0 11:20 0:00 0:41
Cory Stillman 0 0 0 -1 0 0 1 1 0 0 0/0 18:34 4:42 1:19
David Legwand 0 0 0 -1 0 1 0 0 0 0 14/30 21:28 4:42 4:09
Francis Bouillon 0 0 0 -2 0 0 2 0 1 0 0/0 18:11 4:14 2:40
Jan Hlavac 0 0 0 0 0 0 0 0 0 0 0/0 8:41 0:00 0:00
Marty Reasoner 0 0 0 0 2 1 0 0 0 0 4/6 9:05 0:00 0:24
Matthew Spiller 0 1 1 0 0 0 0 2 1 1 0/0 28:17 4:59 4:17
Michael Rupp 0 0 0 0 0 5 1 1 0 0 4/4 11:07 0:13 0:00
Milan Michalek 1 0 1 0 0 3 2 0 0 0 0/0 13:31 0:22 0:00
Patrik Elias 1 0 1 -1 0 3 2 1 0 2 0/1 16:01 4:18 0:00
Pavel Kubina 0 1 1 0 0 1 0 0 2 0 0/0 28:17 4:59 4:17
Randy Jones 0 0 0 -2 0 0 0 1 1 0 0/0 22:22 4:14 3:35
Scott Walker 0 0 0 0 0 0 0 0 0 0 0/0 0:23 0:00 0:00
Shane Doan 0 0 0 -1 0 1 3 0 1 0 0/1 18:43 4:18 2:24
Players Stats for Penguins
Player Name G A P +/- PIM S H SB GA TA FO MP PP MP PK MP
------------------------------------------------------------------------------------
Brad Isbister 0 0 0 -1 0 0 0 0 1 0 1/1 12:17 0:00 1:04
Brian McGrattan 2 0 2 2 0 4 3 0 0 1 1/1 20:40 3:41 3:12
Brooks Orpik 0 0 0 2 0 3 1 0 0 1 0/0 27:50 4:31 5:32
Carlo Colaiacovo 0 0 0 0 0 1 0 1 0 0 0/0 10:51 0:00 0:00
Dainius Zubrus 0 0 0 0 0 1 0 0 0 0 0/0 5:52 0:00 0:00
Dan Hamhuis 0 1 1 0 0 3 0 1 0 0 0/0 21:19 3:21 3:41
Darren Reid 0 1 1 1 0 2 2 0 0 1 3/4 21:58 4:11 4:48
Denis Arkhipov 0 0 0 0 0 3 1 0 0 0 2/4 15:04 0:00 3:18
Dennis Seidenberg 0 0 0 0 0 0 0 0 0 0 0/0 3:29 0:00 0:00
Marc-Édouard Vlasic 0 0 0 0 0 2 1 0 1 2 0/0 21:19 3:21 3:41
Mike Watt 0 0 0 0 4 0 0 0 0 0 0/0 6:07 0:00 0:00
Ryan Kesler 1 1 2 1 2 1 2 1 0 2 7/25 24:41 4:11 3:33
Steve Staios 0 0 0 2 0 1 0 1 1 0 0/0 26:04 4:31 5:32
Steven Reinprecht 0 0 0 1 0 4 1 0 0 0 9/16 17:25 3:41 0:54
Taylor Pyatt 0 2 2 2 4 1 2 1 0 1 1/1 19:20 4:11 1:37
Ted Purcell 0 0 0 -1 0 2 1 0 2 0 0/0 11:04 0:00 0:00
Tom Preissing 0 0 0 0 0 0 0 0 0 0 0/0 9:08 0:00 0:00
Ville Peltonen 0 0 0 1 0 1 0 0 0 0 1/1 16:14 3:41 0:00
3 Stars
1 - Brian McGrattan (Pit)
2 - Ryan Kesler (Pit)
3 - Milan Michalek (Dal)
Power Play
Stars - 1 on 5 Attempt(s) - 20,00%
Penguins - 0 on 4 Attempt(s) - 0,00%
Penalty Kill
Stars - 4 on 4 Attempt(s) - 100,00%
- Score 0 goal in Penalty Kill
Penguins - 4 on 5 Attempt(s) - 80,00%
- Score 0 goal in Penalty Kill
Official
Referees : Peel Tim and Kowal Tom
Linesman : Brian Mach and Don Henderson
Game Notes
Scott Walker is injured at 1:24 of 1st period (Bruised Right Arm)
10:38 of 1st period - Penguins goal is going for a video replay. After video review, No Goal. The net was displaced accidentally.
Francis Bouillon is injured at 10:32 of 3rd period (Bruised Right Leg)
Finance
Level 1 -- Attendance: 5805 (96,75%) -- Ticket Income 487 620 $
Level 2 -- Attendance: 4440 (88,80%) -- Ticket Income 190 920 $
Level 3 -- Attendance: 1863 (93,15%) -- Ticket Income 44 712 $
Level 4 -- Attendance: 3740 (93,50%) -- Ticket Income 71 060 $
Luxury Box -- Attendance: 876 (87,60%) -- Ticket Income 141 912 $
Game was played at the Igloo
Total Attendance: 16724 (92,91%)
Total Ticket Income: 936 224 $
Other Income: 140 434 $
Total Income: 1 076 658 $
Stars
5 vs 5 Forward
Center Left Wing Right Wing Time % Phy DF OF
1 David Legwand Cory Stillman Alexei Morozov 40 1 2 2
2 Antoine Vermette Patrik Elias Shane Doan 30 1 2 2
3 Michael Rupp Milan Michalek Brian Gionta 20 1 2 2
4 Marty Reasoner Jan Hlavac Scott Walker 10 1 2 2
5 vs 5 Defense
Defense Defense Time % Phy DF OF
1 Pavel Kubina Matthew Spiller 40 1 2 2
2 Francis Bouillon Randy Jones 30 1 2 2
3 Brendan Bell Brian Pothier 20 1 2 2
4 Pavel Kubina Matthew Spiller 10 1 2 2
PowerPlay Forward
Center Left Wing Right Wing Time % Phy DF OF
1 David Legwand Cory Stillman Alexei Morozov 60 1 2 2
2 Antoine Vermette Patrik Elias Shane Doan 40 1 2 2
PowerPlay Defense
Defense Defense Time % Phy DF OF
1 Pavel Kubina Matthew Spiller 60 1 2 2
2 Francis Bouillon Randy Jones 40 1 2 2
Penalty Kill 4 Players Forward
Center Wing Time % Phy DF OF
1 David Legwand Alexei Morozov 60 1 2 2
2 Shane Doan Antoine Vermette 40 1 2 2
Penalty Kill 4 Players Defense
Defense Defense Time % Phy DF OF
1 Pavel Kubina Matthew Spiller 60 1 2 2
2 Francis Bouillon Randy Jones 40 1 2 2
Penalty Kill - 3 Players Forward
Forward Time % Phy DF OF
1 David Legwand 60 1 2 2
2 Alexei Morozov 40 1 2 2
Penalty Kill - 3 Players Defense
Defense Defense Time % Phy DF OF
1 Pavel Kubina Matthew Spiller 60 1 2 2
2 Francis Bouillon Randy Jones 40 1 2 2
4 vs 4 Forward
Center Wing Time % Phy DF OF
1 David Legwand Alexei Morozov 60 1 2 2
2 Shane Doan Antoine Vermette 40 1 2 2
4 vs 4 Defense
Defense Defense Time % Phy DF OF
1 Pavel Kubina Matthew Spiller 60 1 2 2
2 Francis Bouillon Randy Jones 40 1 2 2
Last Minutes Offensive
Center Left Wing Right Wing Defense Defense
David Legwand Cory Stillman Alexei Morozov Pavel Kubina Matthew Spiller
Last Minutes Defensive
Center Left Wing Right Wing Defense Defense
David Legwand Cory Stillman Alexei Morozov Pavel Kubina Matthew Spiller
Goaltenders
Starting : Pascal Leclaire
Backup : Vesa Toskala
Extra Forwards
Normal : Milan Michalek, Michael Rupp, Brian Gionta - PP : Milan Michalek, Michael Rupp - PK : Brian Gionta
Extra Defensemen
Normal : Brendan Bell, Brian Pothier, Francis Bouillon - PP : Brendan Bell - PK : Brian Pothier, Francis Bouillon
Penalty Shots
David Legwand, Alexei Morozov, Shane Doan, Antoine Vermette, Cory Stillman
Penguins
5 vs 5 Forward
Center Left Wing Right Wing Time % Phy DF OF
1 Ryan Kesler Taylor Pyatt Darren Reid 40 1 2 2
2 Steven Reinprecht Ville Peltonen Brian McGrattan 30 1 2 2
3 Denis Arkhipov Brad Isbister Ted Purcell 20 1 2 2
4 Ryan Kesler Mike Watt Dainius Zubrus 10 1 2 2
5 vs 5 Defense
Defense Defense Time % Phy DF OF
1 Brooks Orpik Steve Staios 40 1 2 2
2 Dan Hamhuis Marc-Édouard Vlasic 30 1 2 2
3 Tom Preissing Carlo Colaiacovo 20 1 2 2
4 Dennis Seidenberg Brooks Orpik 10 1 2 2
PowerPlay Forward
Center Left Wing Right Wing Time % Phy DF OF
1 Ryan Kesler Taylor Pyatt Darren Reid 60 1 2 2
2 Steven Reinprecht Ville Peltonen Brian McGrattan 40 1 2 2
PowerPlay Defense
Defense Defense Time % Phy DF OF
1 Brooks Orpik Steve Staios 60 1 2 2
2 Dan Hamhuis Marc-Édouard Vlasic 40 1 2 2
Penalty Kill 4 Players Forward
Center Wing Time % Phy DF OF
1 Ryan Kesler Darren Reid 60 1 2 2
2 Taylor Pyatt Brian McGrattan 40 1 2 2
Penalty Kill 4 Players Defense
Defense Defense Time % Phy DF OF
1 Brooks Orpik Steve Staios 60 1 2 2
2 Dan Hamhuis Marc-Édouard Vlasic 40 1 2 2
Penalty Kill - 3 Players Forward
Forward Time % Phy DF OF
1 Ryan Kesler 60 1 2 2
2 Darren Reid 40 1 2 2
Penalty Kill - 3 Players Defense
Defense Defense Time % Phy DF OF
1 Brooks Orpik Steve Staios 60 1 2 2
2 Dan Hamhuis Marc-Édouard Vlasic 40 1 2 2
4 vs 4 Forward
Center Wing Time % Phy DF OF
1 Ryan Kesler Darren Reid 60 1 2 2
2 Taylor Pyatt Brian McGrattan 40 1 2 2
4 vs 4 Defense
Defense Defense Time % Phy DF OF
1 Brooks Orpik Steve Staios 60 1 2 2
2 Dan Hamhuis Marc-Édouard Vlasic 40 1 2 2
Last Minutes Offensive
Center Left Wing Right Wing Defense Defense
Ryan Kesler Taylor Pyatt Darren Reid Brooks Orpik Steve Staios
Last Minutes Defensive
Center Left Wing Right Wing Defense Defense
Ryan Kesler Taylor Pyatt Darren Reid Brooks Orpik Steve Staios
Goaltenders
Starting : Brian Elliott
Backup : Ondrej Pavelec
Extra Forwards
Normal : Ted Purcell, Brad Isbister, Denis Arkhipov - PP : Ted Purcell, Brad Isbister - PK : Denis Arkhipov
Extra Defensemen
Normal : Tom Preissing, Carlo Colaiacovo, Dennis Seidenberg - PP : Tom Preissing - PK : Carlo Colaiacovo, Dennis Seidenberg
Penalty Shots
Ryan Kesler, Darren Reid, Taylor Pyatt, Brian McGrattan, Ville Peltonen
% Time on Ice - Stars
Lines # - Real PCT - Wanted PCT - Time Play
Normal Forward
1 - 32% - 40% - 13:45
2 - 27% - 30% - 11:44
3 - 20% - 20% - 8:45
4 - 20% - 10% - 8:41
Normal Defense
1 - 41% - 40% - 17:47
2 - 34% - 30% - 14:33
3 - 22% - 20% - 9:21
4 - 3% - 10% - 1:14
PP Forward
1 - 53% - 60% - 4:55
2 - 47% - 40% - 4:18
PP Defense
1 - 54% - 60% - 4:59
2 - 46% - 40% - 4:14
PK Forward
1 - 69% - 60% - 5:28
2 - 31% - 40% - 2:24
PK Defense
1 - 54% - 60% - 4:17
2 - 46% - 40% - 3:35
PK3 Forward
1 - 0% - 60%
2 - 0% - 40%
PK3 Defense
1 - 0% - 60%
2 - 0% - 40%
44 Forward
1 - 0% - 60%
2 - 0% - 40%
44 Defense
1 - 0% - 60%
2 - 0% - 40%
Last Minute Offensive - 0:00
Last Minute Defensive - 0:00
Total
Forward - 60:00
Defense - 60:00
|
% Time on Ice - Penguins
Lines # - Real PCT - Wanted PCT - Time Play
Normal Forward
1 - 30% - 40% - 13:02
2 - 31% - 30% - 13:22
3 - 25% - 20% - 10:39
4 - 14% - 10% - 5:52
Normal Defense
1 - 37% - 40% - 16:01
2 - 33% - 30% - 14:17
3 - 21% - 20% - 9:08
4 - 8% - 10% - 3:29
PP Forward
1 - 53% - 60% - 4:11
2 - 47% - 40% - 3:41
PP Defense
1 - 57% - 60% - 4:31
2 - 43% - 40% - 3:21
PK Forward
1 - 65% - 60% - 6:01
2 - 35% - 40% - 3:12
PK Defense
1 - 60% - 60% - 5:32
2 - 40% - 40% - 3:41
PK3 Forward
1 - 0% - 60%
2 - 0% - 40%
PK3 Defense
1 - 0% - 60%
2 - 0% - 40%
44 Forward
1 - 0% - 60%
2 - 0% - 40%
44 Defense
1 - 0% - 60%
2 - 0% - 40%
Last Minute Offensive - 0:00
Last Minute Defensive - 0:00
Total
Forward - 60:00
Defense - 60:00
|
Play by Play
1st period
0:01 of 1st period - Ryan Kesler wins face-off versus David Legwand in neutral zone.
0:26 of 1st period - Ville Peltonen is hit by Antoine Vermette and loses puck.
0:35 of 1st period - Snap shot by Steven Reinprecht.
0:35 of 1st period - Shot Misses the Net.
0:58 of 1st period - Wrist shot by Michael Rupp.
0:58 of 1st period - Shot Misses the Net.
1:07 of 1st period - Snap shot by Ryan Kesler.
1:07 of 1st period - Shot Blocked by Matthew Spiller.
1:09 of 1st period - Slapshot by Dan Hamhuis.
1:09 of 1st period - Stopped by Pascal Leclaire without a rebound.
1:10 of 1st period - Marty Reasoner wins face-off versus Steven Reinprecht in Stars zone.
1:23 of 1st period - Scott Walker is hit by Brian McGrattan and loses puck.
1:24 of 1st period - Scott Walker from Stars is injured at 1:24 of 1st period (Bruised Right Arm).
1:25 of 1st period - Alexei Morozov wins face-off versus Ryan Kesler in Stars zone.
1:46 of 1st period - Minor Penalty to Taylor Pyatt for Hooking.
1:47 of 1st period - David Legwand wins face-off versus Ryan Kesler in Penguins zone.
2:27 of 1st period - Denis Arkhipov is hit by Shane Doan and loses puck.
3:46 of 1st period - Penalty to Taylor Pyatt is over, Taylor Pyatt is back on ice.
3:56 of 1st period - Slapshot by Marc-Édouard Vlasic.
3:56 of 1st period - Stopped by Pascal Leclaire with a rebound.
3:58 of 1st period - Snap shot by Brian McGrattan.
3:58 of 1st period - Shot Blocked by Randy Jones.
4:20 of 1st period - Wrist shot by Taylor Pyatt.
4:20 of 1st period - Shot Misses the Net.
4:22 of 1st period - Slapshot by Dan Hamhuis.
4:22 of 1st period - Shot Misses the Net.
4:24 of 1st period - Snap shot by Dan Hamhuis.
4:24 of 1st period - Shot Misses the Net.
4:26 of 1st period - Snap shot by Taylor Pyatt.
4:26 of 1st period - Stopped by Pascal Leclaire with a rebound.
4:28 of 1st period - Snap shot by Brian McGrattan.
4:28 of 1st period - Goal by Brian McGrattan - Stars : 0 - Penguins : 1.
4:29 of 1st period - Ryan Kesler wins face-off versus Patrik Elias in neutral zone.
4:32 of 1st period - Slapshot by Brooks Orpik.
4:32 of 1st period - Stopped by Pascal Leclaire without a rebound.
4:33 of 1st period - Antoine Vermette wins face-off versus Ryan Kesler in Stars zone.
5:08 of 1st period - Slapshot by Michael Rupp.
5:08 of 1st period - Stopped by Brian Elliott without a rebound.
5:09 of 1st period - Steven Reinprecht wins face-off versus Antoine Vermette in Penguins zone.
5:16 of 1st period - Wrist shot by Antoine Vermette.
5:16 of 1st period - Shot Misses the Net.
5:22 of 1st period - Wrist shot by Antoine Vermette.
5:22 of 1st period - Stopped by Brian Elliott with a rebound.
5:24 of 1st period - Wrist shot by Shane Doan.
5:24 of 1st period - Stopped by Brian Elliott with a rebound.
5:39 of 1st period - Wrist shot by Denis Arkhipov.
5:39 of 1st period - Shot Misses the Net.
5:53 of 1st period - Minor Penalty to Brian Pothier for High sticking.
5:54 of 1st period - Ryan Kesler wins face-off versus David Legwand in Stars zone.
6:03 of 1st period - Slapshot by Alexei Morozov.
6:03 of 1st period - Shot Misses the Net.
7:03 of 1st period - Ville Peltonen is hit by Francis Bouillon and loses puck.
7:53 of 1st period - Penalty to Brian Pothier is over, Brian Pothier is back on ice.
8:01 of 1st period - Backhand shot by Pavel Kubina.
8:01 of 1st period - Shot Blocked by Carlo Colaiacovo.
8:22 of 1st period - Minor Penalty to Mike Watt for Slashing.
8:23 of 1st period - Darren Reid wins face-off versus Antoine Vermette in Penguins zone.
8:23 of 1st period - Darren Reid is hit by Patrik Elias.
10:22 of 1st period - Penalty to Mike Watt is over, Mike Watt is back on ice.
10:28 of 1st period - Slapshot by Steve Staios.
10:28 of 1st period - Shot Blocked by Michael Rupp.
10:30 of 1st period - Snap shot by Ryan Kesler.
10:30 of 1st period - Shot Misses the Net.
10:34 of 1st period - Wrist shot by Darren Reid.
10:34 of 1st period - Stopped by Pascal Leclaire with a rebound.
10:36 of 1st period - Slapshot by Brooks Orpik.
10:36 of 1st period - Stopped by Pascal Leclaire with a rebound.
10:38 of 1st period - Snap shot by Darren Reid.
10:38 of 1st period - Penguins goal is going for a video replay.
10:38 of 1st period - The goal is refused. The net was displaced accidentally..
10:39 of 1st period - Ville Peltonen wins face-off versus Marty Reasoner in Stars zone.
10:40 of 1st period - Wrist shot by Steven Reinprecht.
10:40 of 1st period - Deflect By Brian McGrattan.
10:40 of 1st period - Shot Misses the Net.
10:40 of 1st period - Puck is out of play.
10:41 of 1st period - Steven Reinprecht wins face-off versus Marty Reasoner in Stars zone.
11:10 of 1st period - Wrist shot by Denis Arkhipov.
11:10 of 1st period - Stopped by Pascal Leclaire without a rebound.
11:11 of 1st period - Brad Isbister wins face-off versus David Legwand in Stars zone.
11:24 of 1st period - Snap shot by Denis Arkhipov.
11:24 of 1st period - Stopped by Pascal Leclaire with a rebound.
11:46 of 1st period - Off-side.
11:47 of 1st period - David Legwand wins face-off versus Steven Reinprecht in neutral zone.
12:01 of 1st period - Snap shot by Ville Peltonen.
12:01 of 1st period - Shot Blocked by Cory Stillman.
12:13 of 1st period - Randy Jones is hit by Brooks Orpik and loses puck.
12:20 of 1st period - Slapshot by Darren Reid.
12:20 of 1st period - Shot Blocked by Patrik Elias.
12:38 of 1st period - Snap shot by Milan Michalek.
12:38 of 1st period - Goal by Milan Michalek - Stars : 1 - Penguins : 1.
12:39 of 1st period - David Legwand wins face-off versus Ryan Kesler in neutral zone.
13:07 of 1st period - Wrist shot by Brian McGrattan.
13:07 of 1st period - Goal by Brian McGrattan - Stars : 1 - Penguins : 2.
13:08 of 1st period - Antoine Vermette wins face-off versus Ryan Kesler in neutral zone.
14:14 of 1st period - Minor Penalty to Mike Watt for Holding.
14:15 of 1st period - Ryan Kesler wins face-off versus David Legwand in Penguins zone.
14:40 of 1st period - Taylor Pyatt is hit by Antoine Vermette and loses puck.
14:49 of 1st period - Slapshot by Antoine Vermette.
14:49 of 1st period - Stopped by Brian Elliott without a rebound.
14:50 of 1st period - David Legwand wins face-off versus Darren Reid in Penguins zone.
15:01 of 1st period - Wrist shot by Alexei Morozov.
15:01 of 1st period - Shot Misses the Net.
15:31 of 1st period - Snap shot by Patrik Elias.
15:31 of 1st period - Goal by Patrik Elias - Stars : 2 - Penguins : 2.
15:32 of 1st period - Taylor Pyatt wins face-off versus Alexei Morozov in neutral zone.
15:53 of 1st period - Alexei Morozov is hit by Darren Reid and loses puck.
16:10 of 1st period - Wrist shot by Steven Reinprecht.
16:10 of 1st period - Stopped by Pascal Leclaire with a rebound.
16:12 of 1st period - Snap shot by Brooks Orpik.
16:12 of 1st period - Shot Misses the Net.
17:14 of 1st period - Snap shot by Steven Reinprecht.
17:14 of 1st period - Stopped by Pascal Leclaire with a rebound.
17:26 of 1st period - Snap shot by David Legwand.
17:26 of 1st period - Stopped by Brian Elliott without a rebound.
17:27 of 1st period - David Legwand wins face-off versus Denis Arkhipov in Penguins zone.
17:34 of 1st period - Slapshot by Alexei Morozov.
17:34 of 1st period - Shot Misses the Net.
17:57 of 1st period - Minor Penalty to Taylor Pyatt for Hooking.
17:58 of 1st period - David Legwand wins face-off versus Ryan Kesler in Penguins zone.
19:57 of 1st period - Penalty to Taylor Pyatt is over, Taylor Pyatt is back on ice.
Goals for this period are 2 for Stars vs 2 for Penguins.
Shots for this period are 7 for Stars vs 13 for Penguins.
2nd period
0:01 of 2nd period - Darren Reid wins face-off versus David Legwand in neutral zone.
0:58 of 2nd period - Slapshot by Michael Rupp.
0:58 of 2nd period - Stopped by Brian Elliott with a rebound.
1:16 of 2nd period - Wrist shot by Dainius Zubrus.
1:16 of 2nd period - Stopped by Pascal Leclaire with a rebound.
1:18 of 2nd period - Snap shot by Ryan Kesler.
1:18 of 2nd period - Shot Misses the Net.
1:28 of 2nd period - Wrist shot by Shane Doan.
1:28 of 2nd period - Shot Blocked by Dan Hamhuis.
1:30 of 2nd period - Snap shot by Antoine Vermette.
1:30 of 2nd period - Stopped by Brian Elliott with a rebound.
1:32 of 2nd period - Wrist shot by Patrik Elias.
1:32 of 2nd period - Shot Blocked by Ryan Kesler.
1:44 of 2nd period - Slapshot by Alexei Morozov.
1:44 of 2nd period - Shot Misses the Net.
2:05 of 2nd period - Denis Arkhipov is hit by Michael Rupp and loses puck.
2:20 of 2nd period - Ryan Kesler is hit by Alexei Morozov and loses puck.
2:32 of 2nd period - Minor Penalty to Ryan Kesler for Cross-checking.
2:33 of 2nd period - Denis Arkhipov wins face-off versus David Legwand in Penguins zone.
4:32 of 2nd period - Penalty to Ryan Kesler is over, Ryan Kesler is back on ice.
5:37 of 2nd period - Icing by Brooks Orpik.
5:38 of 2nd period - David Legwand wins face-off versus Ryan Kesler in Penguins zone.
6:44 of 2nd period - Wrist shot by Marty Reasoner.
6:44 of 2nd period - Stopped by Brian Elliott with a rebound.
7:08 of 2nd period - Marc-Édouard Vlasic is hit by Cory Stillman and loses puck.
8:27 of 2nd period - Jan Hlavac is hit by Ted Purcell and loses puck.
8:55 of 2nd period - Wrist shot by Patrik Elias.
8:55 of 2nd period - Shot Misses the Net.
8:59 of 2nd period - Snap shot by Alexei Morozov.
8:59 of 2nd period - Shot Misses the Net.
9:13 of 2nd period - Steve Staios is hit by Milan Michalek.
9:50 of 2nd period - Ryan Kesler is hit by Shane Doan and loses puck.
10:03 of 2nd period - Snap shot by Dan Hamhuis.
10:03 of 2nd period - Stopped by Pascal Leclaire without a rebound.
10:04 of 2nd period - Marty Reasoner wins face-off versus Steven Reinprecht in Stars zone.
10:08 of 2nd period - Off-side.
10:09 of 2nd period - Steven Reinprecht wins face-off versus David Legwand in neutral zone.
10:12 of 2nd period - Snap shot by Steven Reinprecht.
10:12 of 2nd period - Stopped by Pascal Leclaire without a rebound.
10:13 of 2nd period - Steven Reinprecht wins face-off versus David Legwand in Stars zone.
10:31 of 2nd period - Minor Penalty to Brian Pothier for Tripping.
10:32 of 2nd period - David Legwand wins face-off versus Ryan Kesler in Stars zone.
12:31 of 2nd period - Penalty to Brian Pothier is over, Brian Pothier is back on ice.
12:49 of 2nd period - Snap shot by Denis Arkhipov.
12:49 of 2nd period - Stopped by Pascal Leclaire with a rebound.
13:01 of 2nd period - Ryan Kesler is hit by Shane Doan and loses puck.
13:08 of 2nd period - Snap shot by Shane Doan.
13:08 of 2nd period - Deflect By Patrik Elias.
13:08 of 2nd period - Deflect By Ryan Kesler.
13:08 of 2nd period - Stopped by Brian Elliott without a rebound.
13:09 of 2nd period - Denis Arkhipov wins face-off versus Antoine Vermette in Penguins zone.
13:34 of 2nd period - Wrist shot by Milan Michalek.
13:34 of 2nd period - Stopped by Brian Elliott without a rebound.
13:35 of 2nd period - Michael Rupp wins face-off versus Steven Reinprecht in Penguins zone.
13:38 of 2nd period - Snap shot by Michael Rupp.
13:38 of 2nd period - Shot Misses the Net.
13:46 of 2nd period - Wrist shot by Ville Peltonen.
13:46 of 2nd period - Shot Misses the Net.
13:48 of 2nd period - Slapshot by Carlo Colaiacovo.
13:48 of 2nd period - Stopped by Pascal Leclaire with a rebound.
14:25 of 2nd period - Wrist shot by Patrik Elias.
14:25 of 2nd period - Shot Blocked by Steve Staios.
14:42 of 2nd period - Minor Penalty to Marty Reasoner for Roughing.
14:43 of 2nd period - David Legwand wins face-off versus Ryan Kesler in Stars zone.
14:43 of 2nd period - David Legwand is hit by Taylor Pyatt.
15:08 of 2nd period - Randy Jones is hit by Brian McGrattan and loses puck.
15:21 of 2nd period - Slapshot by Marc-Édouard Vlasic.
15:21 of 2nd period - Stopped by Pascal Leclaire with a rebound.
15:46 of 2nd period - Icing by Brooks Orpik.
15:47 of 2nd period - Ryan Kesler wins face-off versus Shane Doan in Penguins zone.
15:47 of 2nd period - Ryan Kesler is hit by Francis Bouillon.
15:55 of 2nd period - Shane Doan is hit by Ryan Kesler and loses puck.
16:12 of 2nd period - Snap shot by Steven Reinprecht.
16:12 of 2nd period - Shot Misses the Net.
16:14 of 2nd period - Wrist shot by Brian McGrattan.
16:14 of 2nd period - Shot Misses the Net.
16:42 of 2nd period - Penalty to Marty Reasoner is over, Marty Reasoner is back on ice.
16:54 of 2nd period - Slapshot by Ted Purcell.
16:54 of 2nd period - Stopped by Pascal Leclaire without a rebound.
16:55 of 2nd period - Antoine Vermette wins face-off versus Denis Arkhipov in Stars zone.
18:26 of 2nd period - Wrist shot by Ryan Kesler.
18:26 of 2nd period - Deflect By Dainius Zubrus.
18:26 of 2nd period - Shot Misses the Net.
18:26 of 2nd period - Puck is out of play.
18:27 of 2nd period - Steven Reinprecht wins face-off versus David Legwand in Stars zone.
18:30 of 2nd period - Snap shot by Ville Peltonen.
18:30 of 2nd period - Stopped by Pascal Leclaire without a rebound.
18:31 of 2nd period - Steven Reinprecht wins face-off versus David Legwand in Stars zone.
18:34 of 2nd period - Slapshot by Brian McGrattan.
18:34 of 2nd period - Stopped by Pascal Leclaire with a rebound.
18:36 of 2nd period - Wrist shot by Steve Staios.
18:36 of 2nd period - Deflect By Alexei Morozov.
18:36 of 2nd period - Stopped by Pascal Leclaire without a rebound.
18:37 of 2nd period - Steven Reinprecht wins face-off versus David Legwand in Stars zone.
18:50 of 2nd period - Wrist shot by Steven Reinprecht.
18:50 of 2nd period - Stopped by Pascal Leclaire without a rebound.
18:51 of 2nd period - Ryan Kesler wins face-off versus David Legwand in Stars zone.
19:04 of 2nd period - Slapshot by Taylor Pyatt.
19:04 of 2nd period - Shot Misses the Net.
19:06 of 2nd period - Wrist shot by Ryan Kesler.
19:06 of 2nd period - Goal by Ryan Kesler - Stars : 2 - Penguins : 3.
19:07 of 2nd period - Ryan Kesler wins face-off versus David Legwand in neutral zone.
19:10 of 2nd period - Snap shot by Ryan Kesler.
19:10 of 2nd period - Shot Blocked by Matthew Spiller.
19:12 of 2nd period - Slapshot by Brooks Orpik.
19:12 of 2nd period - Stopped by Pascal Leclaire with a rebound.
19:22 of 2nd period - Snap shot by Ryan Kesler.
19:22 of 2nd period - Shot Misses the Net.
19:55 of 2nd period - Backhand shot by Marc-Édouard Vlasic.
19:55 of 2nd period - Deflect By Mike Watt.
19:55 of 2nd period - Shot Misses the Net.
19:55 of 2nd period - Puck is out of play.
19:56 of 2nd period - Michael Rupp wins face-off versus Ryan Kesler in Stars zone.
Goals for this period are 0 for Stars vs 1 for Penguins.
Shots for this period are 5 for Stars vs 13 for Penguins.
3rd period
0:01 of 3rd period - David Legwand wins face-off versus Ryan Kesler in neutral zone.
0:06 of 3rd period - Slapshot by Pavel Kubina.
0:06 of 3rd period - Stopped by Brian Elliott without a rebound.
0:07 of 3rd period - David Legwand wins face-off versus Ryan Kesler in Penguins zone.
1:45 of 3rd period - Off-side.
1:46 of 3rd period - Steven Reinprecht wins face-off versus Antoine Vermette in neutral zone.
2:21 of 3rd period - Slapshot by Brian Gionta.
2:21 of 3rd period - Shot Misses the Net.
2:50 of 3rd period - Shane Doan is hit by Denis Arkhipov.
7:00 of 3rd period - Denis Arkhipov is hit by Antoine Vermette and loses puck.
8:06 of 3rd period - Icing by Shane Doan.
8:07 of 3rd period - Brian McGrattan wins face-off versus David Legwand in Stars zone.
9:03 of 3rd period - Snap shot by Francis Bouillon.
9:03 of 3rd period - Deflect By Alexei Morozov.
9:03 of 3rd period - Shot Misses the Net.
9:03 of 3rd period - Puck is out of play.
9:04 of 3rd period - Marty Reasoner wins face-off versus Ryan Kesler in Penguins zone.
9:29 of 3rd period - Ted Purcell is hit by Patrik Elias and loses puck.
9:43 of 3rd period - Brian Gionta is hit by Steven Reinprecht and loses puck.
10:14 of 3rd period - Brad Isbister is hit by Milan Michalek and loses puck.
10:31 of 3rd period - Francis Bouillon is hit by Brian McGrattan and loses puck.
10:32 of 3rd period - Francis Bouillon from Stars is injured at 10:32 of 3rd period (Bruised Right Leg).
10:33 of 3rd period - Darren Reid wins face-off versus David Legwand in Stars zone.
10:44 of 3rd period - Snap shot by David Legwand.
10:44 of 3rd period - Shot Misses the Net.
10:46 of 3rd period - Slapshot by Pavel Kubina.
10:46 of 3rd period - Deflect By Alexei Morozov.
10:46 of 3rd period - Shot Misses the Net.
10:46 of 3rd period - Puck is out of play.
10:47 of 3rd period - David Legwand wins face-off versus Ryan Kesler in Penguins zone.
10:58 of 3rd period - Cory Stillman is hit by Darren Reid and loses puck.
11:17 of 3rd period - Wrist shot by Antoine Vermette.
11:17 of 3rd period - Shot Misses the Net.
12:13 of 3rd period - Marc-Édouard Vlasic is hit by Antoine Vermette and loses puck.
12:33 of 3rd period - Slapshot by Ryan Kesler.
12:33 of 3rd period - Shot Misses the Net.
12:49 of 3rd period - Backhand shot by Michael Rupp.
12:49 of 3rd period - Stopped by Brian Elliott with a rebound.
12:51 of 3rd period - Slapshot by Brian Pothier.
12:51 of 3rd period - Stopped by Brian Elliott with a rebound.
12:53 of 3rd period - Wrist shot by Michael Rupp.
12:53 of 3rd period - Shot Misses the Net.
13:28 of 3rd period - Wrist shot by Brian McGrattan.
13:28 of 3rd period - Stopped by Pascal Leclaire without a rebound.
13:29 of 3rd period - Antoine Vermette wins face-off versus Steven Reinprecht in Stars zone.
13:36 of 3rd period - Snap shot by Antoine Vermette.
13:36 of 3rd period - Stopped by Brian Elliott without a rebound.
13:37 of 3rd period - Antoine Vermette wins face-off versus Steven Reinprecht in Penguins zone.
13:40 of 3rd period - Snap shot by Shane Doan.
13:40 of 3rd period - Shot Misses the Net.
15:21 of 3rd period - Icing by Steven Reinprecht.
15:22 of 3rd period - Steven Reinprecht wins face-off versus David Legwand in Penguins zone.
15:22 of 3rd period - Steven Reinprecht is hit by Alexei Morozov.
15:28 of 3rd period - Slapshot by Dan Hamhuis.
15:28 of 3rd period - Deflect By David Legwand.
15:28 of 3rd period - Stopped by Pascal Leclaire without a rebound.
15:29 of 3rd period - Michael Rupp wins face-off versus Ryan Kesler in Stars zone.
15:34 of 3rd period - Matthew Spiller is hit by Taylor Pyatt and loses puck.
16:04 of 3rd period - Snap shot by Michael Rupp.
16:04 of 3rd period - Stopped by Brian Elliott with a rebound.
16:18 of 3rd period - Slapshot by Milan Michalek.
16:18 of 3rd period - Stopped by Brian Elliott without a rebound.
16:19 of 3rd period - David Legwand wins face-off versus Ryan Kesler in Penguins zone.
16:51 of 3rd period - Wrist shot by Patrik Elias.
16:51 of 3rd period - Stopped by Brian Elliott with a rebound.
16:57 of 3rd period - Snap shot by Ted Purcell.
16:57 of 3rd period - Stopped by Pascal Leclaire without a rebound.
16:58 of 3rd period - Marty Reasoner wins face-off versus Ryan Kesler in Stars zone.
17:23 of 3rd period - Jan Hlavac is hit by Marc-Édouard Vlasic and loses puck.
17:31 of 3rd period - Icing by Marc-Édouard Vlasic.
17:32 of 3rd period - Michael Rupp wins face-off versus Steven Reinprecht in Penguins zone.
17:41 of 3rd period - Snap shot by Michael Rupp.
17:41 of 3rd period - Shot Misses the Net.
17:43 of 3rd period - Wrist shot by Michael Rupp.
17:43 of 3rd period - Shot Misses the Net.
17:45 of 3rd period - Wrist shot by Michael Rupp.
17:45 of 3rd period - Stopped by Brian Elliott with a rebound.
18:04 of 3rd period - Minor Penalty to Antoine Vermette for Roughing.
18:05 of 3rd period - David Legwand wins face-off versus Ryan Kesler in Stars zone.
18:09 of 3rd period - Slapshot by Matthew Spiller.
18:09 of 3rd period - Shot Blocked by Taylor Pyatt.
18:17 of 3rd period - Alexei Morozov is hit by Ryan Kesler and loses puck.
Goals for this period are 0 for Stars vs 0 for Penguins.
Shots for this period are 8 for Stars vs 3 for Penguins.
Output by the SimonT Hockey Simulator (STHS) for François Prévost -- Original Page W3C XHTML 1.0 Valid